Silex, lawful female dwarven Archeologist --------- ------ |.<.....| ----....---- |.......| ##...........| |.......| # |..........| -----.--- ### |..........| # -------- # ----....---- # ##.......| ### ------ # # |......| # ## ### |....... ### -----.--# ----...|# # |......|# |....###### --+-- |......|# |...|# # #...#| |......|# -----########## #P@# ###|...| |.{....-# # ---.-----.- # |...| -------- ##-.....>..f.### ----- |.*.......| ----------- Silex the Digger Experience level: 1 Strength: 13 Dexterity: 10 Constitution: 13 Intelligence: 14 Wisdom: 16 Charisma: 9 Health: 0(15) Energy: 3(3) Def: 5 Gold: 233 Moves: 809 Dungeon seed: NrVWq_xsAoP--SkC Game ID: Silex_1525194414 Your Inventory: Coins $ - 233 gold pieces Weapons a - a +2 bullwhip (weapon in hand) Armor e - an uncursed +0 leather jacket n - an uncursed +0 fedora (being worn) r - an uncursed corroded +0 chain mail (being worn) y - an uncursed +0 pair of leather gloves (being worn) Comestibles b - 3 uncursed food rations m - an uncursed lichen corpse Scrolls l - a blessed scroll of create monster p - an uncursed scroll of fire s - an uncursed scroll of teleportation t - a cursed scroll of enchant armor u - an uncursed scroll of confuse monster x - an uncursed scroll of scare monster Spellbooks A - an uncursed spellbook of magic missile Potions i - a cursed potion of hallucination k - an uncursed potion of polymorph v - an uncursed potion of gain ability Rings w - a cursed ring of hunger Wands d - a wand of light (0:11) j - a wand of light (0:10) o - a wand of enlightenment (0:10) Tools c - a +0 pick-axe (alternate weapon; not wielded) f - an uncursed sack g - an uncursed tin opener h - an uncursed oil lamp (0:1460) Gems q - an uncursed touchstone z - an uncursed jasper Spells and supernatural/magical abilities: Name Level Category Fail Memory m - magic missile 2 attack 100% 100% W - pray for help -- divine ? -- Your skills at the end: Miscellaneous Skills wands [Basic] Weapon Skills pick-axe [Basic] whip [Basic] Spellcasting Skills Final Attributes: You were fervently aligned. You had infravision. You were fast. You were lucky. You are dead. Vanquished creatures: 2 coyotes an acid blob 4 newts 2 sewer rats 3 grid bugs 2 lichens 14 creatures vanquished. Voluntary challenges: You did not adorn yourself with jewelry or accessories. You did not cause conflict. You were not invisible. You did not have reflection. You were not displaced. You were an atheist. You used a wielded weapon 23 times, starting on turn 28. You did not apply a unicorn horn. You did not use plumbed fixtures. You did not drink any magical draughts. You read items or engraved 2 times, starting on turn 712. You never genocided any monsters. You never polymorphed an object. You never changed form. You used no wishes. You never split a pudding. You never wrote Elbereth's name. You never violated your personal moral code. Dungeon overview: The Dungeons of Doom: levels 1 to 3 Level 1 a long staircase Level 2 an armor shop Level 3 <- You were here a fountain, a sink stairs to The Gnomish Mines The Gnomish Mines: Level 4 stairs to The Dungeons of Doom History has recorded: On T:1 you entered the Dungeons of Doom to retrieve the Amulet of Yendor! On T:248 you reached level 2 of The Dungeons of Doom. On T:529 you reached level 3 of The Dungeons of Doom. On T:619 you reached level 1 of The Gnomish Mines. Score breakdown: Gold: 233 ( 23 points) Experience: 1 level ( 0 points) Exploration: 4 levels ( 90 points) Discoveries: 6 items ( 300 points) Variety of kills: 6 monsters ( 300 points) Major goal: (nothing yet) ( 0 points) Survival: died (score multiplied by 3) Total score: 2139 Latest messages: A black ooze gushes up from the drain! You whip the black pudding. Your bullwhip is not affected. You whip the black pudding. Your bullwhip is not affected. The black pudding bumps right into you! You whip the black pudding. Your bullwhip is not affected. You whip the black pudding. Your bullwhip is not affected. You whip the black pudding. Your bullwhip is not affected. You displace Tigger. You whip the black pudding. Your bullwhip is not affected. You whip the black pudding. Your bullwhip is not affected. You whip the black pudding. Your bullwhip is not affected. You whip the black pudding. Your bullwhip is not affected. You whip the black pudding. Your bullwhip is not affected. The black pudding bites! Your chain mail corrodes! You die... Final status: Goodbye Silex the Archeologist, killed by a black pudding... You died in The Dungeons of Doom on dungeon level 3 with 2139 points, and 233 pieces of gold, after 809 moves. You were level 1 with a maximum of 15 hit points when you died.